Description

Simple 3 Rax build for TvZ. If using for TvP, maybe use some Mauraders. Not advisable for TvT as Tanks will kill your marines.

Replay - A.I. 2 (Very Easy) v JoburgTaxi v Millea - 10000 Feet LE

Build Order

Get SALT Encoding   

  12  0:00  SCV  
  13  0:12  SCV  
  14  0:17  Supply Depot  
  14  0:24  SCV  
  15  0:38  SCV  
  15  0:39  Barracks  
  16  0:43  Refinery  
  16  0:51  SCV  
  17  1:03  SCV  
  18  1:15  SCV  
  19  1:26  Reaper  
  19  1:27  Orbital Command  
  20  1:39  Command Center  
  20  1:48  Engineering Bay  
  20  1:52  SCV  
  21  1:58  Barracks Reactor  
  21  2:02  Supply Depot  
  21  2:04  SCV  
  22  2:14  Barracks  
  22  2:16  SCV  
  23  2:25  Barracks  
  23  2:29  SCV  
  24  2:34  Terran Infantry Weapons Level 1  
  24  2:36  Marine  
  25  2:39  Marine  
  25  2:41  SCV  
  27  2:51  Orbital Command  
  27  2:54  Marine, SCV  
  27  2:57  Marine  
  30  3:01  Barracks Tech Lab  
  30  3:06  SCV  
  31  3:13  Barracks Tech Lab  
  31  3:16  SCV  
  31  3:18  SCV  
  31  3:19  Stimpack  
  33  3:20  Marine  
  33  3:22  Marine  
  33  3:24  Marine  
  36  3:28  Supply Depot  
  36  3:30  SCV  
  36  3:31  Marine  
  36  3:32  SCV  
  39  3:38  Marine  
  39  3:40  Marine  
  41  3:42  SCV, Marine  
  41  3:45  SCV  
  44  3:50  Marine  
  44  3:51  Supply Depot  
  44  3:54  SCV, Combat Shield  
  46  3:56  Marine  
  46  3:57  SCV  
  46  3:58  Marine  
  46  4:00  Marine  
  50  4:06  SCV  
  50  4:08  Refinery  
  52  4:10  Refinery, Marine, SCV  
  52  4:13  Marine  
  52  4:15  Supply Depot  
  52  4:16  Marine  
  55  4:18  SCV, Marine  
  55  4:22  SCV  
  58  4:28  Marine  
  58  4:30  SCV  
  60  4:31  Marine  
  60  4:32  Factory  
  60  4:34  SCV  
  60  4:36  Marine x2  
  64  4:45  Marine  
  64  4:46  Command Center  
  64  4:48  SCV x2  
  64  4:49  Marine  
  68  4:54  Terran Infantry Armor Level 1, Marine  
  68  4:56  Marine  
  68  4:59  Supply Depot  
  70  5:05  SCV  
  70  5:15  Starport  
  70  5:16  Factory Reactor  
  70  5:20  SCV x2, Marine x4  
  76  5:22  Supply Depot  
  76  5:25  Concussive Shells  
  76  5:32  SCV x2  
  76  5:35  Armory  
  78  5:36  Engineering Bay  
  78  5:43  Marine x4  
  78  5:44  Supply Depot  
  78  5:47  Refinery  
  82  5:55  SCV x2  
  84  5:58  Supply Depot  
  84  5:59  Medivac x2  
  84  6:00  Factory Tech Lab  
  84  6:01  Marine x4  
  84  6:02  Orbital Command  
  92  6:07  SCV x2  
  94  6:16  Supply Depot  
  94  6:18  Marine x3  
  94  6:19  Marine  
  94  6:20  Supply Depot  
  98  6:26  Terran Vehicle Weapons Level 1  
  98  6:29  Medivac  
  100  6:36  Marine x4  
  100  6:37  Orbital Command  
  100  6:38  Medivac  
  100  6:39  SCV  
  107  6:40  SCV  
  108  6:52  SCV x2  
  110  6:55  Marauder  
  110  6:57  Marine  
  110  6:58  Marine, Marauder  
  116  7:04  SCV x2  
  118  7:12  SCV  
  118  7:15  Medivac x2  
  121  7:16  Marauder, SCV x2  
  121  7:20  Marine x2  
  121  7:21  Marauder  
  131  7:24  SCV  
  131  7:26  Barracks  
  131  7:27  Barracks  
  132  7:33  Barracks  
  132  7:34  Barracks  
  132  7:35  Barracks  
  132  7:36  Barracks  
  132  7:40  Supply Depot  
  132  7:42  Marine  
  133  7:59  Refinery  
  133  8:00  Refinery  
  133  8:01  Marine  
  133  8:02  Marauder  
  133  8:05  Supply Depot  
  139  8:06  Supply Depot  
Spawning Tool Build Advisor. Get it on Overwolf

Go to:

Details

  • Created by: Poovan
  • Published on: Dec 03, 2025
  • Modified on: Dec 03, 2025
  • Patch: 5.0.11
  • Difficulty: Easy
Show
View Real Time Build Order
Export as new Build Order

Comments (0)

There are no comments. Be the first!

Create an account to comment!